QQQQQ, chaotic female human Rogue ---- --- ---..-------.-- ---- ---......--.....| - |..| |...............-- . |..| |................-- ---- ---.- --.| ----...--.........| --..--- |...| |.| --...--|........-- |....<| |.--- |.| ---- ---..-----........--- --...-- |.| |.| ------..---.>..--|............| |.*[| ----|.| |.| |..--.......r@..--............| |..-- ---..||.| |.| ----............................------ |)-- |....||.| |.| |...............................[...^| |(| |...--|.---- |.| |..................--.|........-----.---|.| --.-- |....| |.| --...|.--..........|-----......-- |...||.| --.-- |....| |.| |..---|..........-- |.......| ---.--.| ---...---....| |.| -------..........-- ---..|..| |....-------...........-- |.--- --.|............| ------- |.........(....--------- |...-----..........---..| --...------....| --................-- ---- --^-- |*..-- |..--------..|.--- --- ----- ---- ------ QQQQQ the Cutpurse Experience level: 5 Strength: 11 Dexterity: 18 Constitution: 16 Intelligence: 10 Wisdom: 10 Charisma: 11 Health: 0(41) Energy: 22(22) Def: 9 Gold: 0 Moves: 2032 Dungeon seed: PiYH_7in3xvzkSfh Game ID: QQQQQ_1497650205 Your Inventory: Amulets D - a cursed amulet of restful sleep (being worn) Weapons a - an uncursed +0 short sword s - a blessed +1 crossbow t - 17 uncursed +0 crossbow bolts (in quiver) E - a cursed +0 dagger of mercy (weapon in hand) Armor n - a cursed -1 orcish helm (being worn) q - an uncursed +0 banded mail (being worn) y - an uncursed +0 dwarvish cloak (being worn) z - an uncursed +0 pair of iron shoes (being worn) N - an uncursed +0 magical pair of leather gloves (being worn) Comestibles x - 4 uncursed food rations G - an uncursed orange Rings o - a cursed -4 ring of increase damage (on left hand) J - an uncursed ring of see invisible Tools e - an uncursed lock pick f - an uncursed sack g - an uncursed oil lamp (0:1426) A - a cursed tallow candle (0:200) F - an uncursed skeleton key Gems r - an uncursed worthless piece of red glass Y - an uncursed touchstone Spells and supernatural/magical abilities: Name Level Category Fail Memory W - pray for help -- divine ? -- Your skills at the end: Fighting Skills wands [Basic] Weapon Skills dagger [Skilled] short sword [Basic] Spellcasting Skills Final Attributes: You were piously aligned. You were cold resistant. You fell asleep. You were stealthy. You had a -4 damage penalty. You are dead. Vanquished creatures: a dwarf king 3 gnome lords 4 dwarves a dwarf zombie 6 manes a hobgoblin a green mold 15 gnomes 2 geckos a jackal 2 foxes 2 goblins 2 sewer rats a bat 3 lichens 5 newts 50 creatures vanquished. Voluntary challenges: You were an atheist. You used a wielded weapon 41 times, starting on turn 1. You read items or engraved 3 times, starting on turn 15. You never genocided any monsters. You never polymorphed an object. You never changed form. You used no wishes. You never split a pudding. You never wrote Elbereth's name. You never violated your personal moral code. Dungeon overview: The Dungeons of Doom: levels 1 to 2 Level 1 a sink a long staircase Level 2 a general store stairs to The Gnomish Mines The Gnomish Mines: levels 3 to 4 Level 3 <- You were here stairs to The Dungeons of Doom Level 4 History has recorded: On T:1 you entered the Dungeons of Doom to retrieve the Amulet of Yendor! On T:436 you reached level 2 of The Dungeons of Doom. On T:508 you advanced to experience level 2. On T:672 you reached level 1 of The Gnomish Mines. On T:713 you advanced to experience level 3. On T:953 you advanced to experience level 4. On T:1177 you advanced to experience level 5. On T:1560 you reached level 2 of The Gnomish Mines. Score breakdown: Gold: 0 ( 0 points) Experience: 5 levels (11141 points) Exploration: 4 levels ( 8.00%) ( 7423 points) Discoveries: 3 items ( 1.00%) ( 3000 points) Valuables value: (no points given unless you survive) Artifact value: 0 ( 0 points) Variety of kills: 16 monsters ( 4.18%) ( 6131 points) Turncount: 2032 turns ( -24 points) Survival: died (score multiplied by 80%) Total score: 22136 Latest messages: You hit the rabid rat. The rabid rat bites! You kick the rabid rat. The rabid rat bites! You kick the rabid rat. The rabid rat misses. You kick the rabid rat. The rabid rat misses. The rabid rat jumps, nimbly evading your kick. The rabid rat bites! You kick the rabid rat. The rabid rat misses. You kick the rabid rat. The rabid rat bites! You kick the rabid rat. The rabid rat bites! The rabid rat's bite was poisoned! You hear the howling of the CwnAnnwn... You die... Final status: Goodbye QQQQQ the Rogue, killed by a rabid rat... You died in The Gnomish Mines on dungeon level 3 with 22136 points, and 0 pieces of gold, after 2032 moves. You were level 5 with a maximum of 41 hit points when you died.